 Dungeon Crawl Stone Soup version 0.29.1-2-gbd0b4ee654 (webtiles) character file.

Game seed: 16894993670060698971

177 fleeber the Conjurer (level 5, 0/28 HPs)
             Began as a Deep Elf Conjurer on Nov 6, 2022.
             Constricted to death by Ijyb (4 damage)
             ... on level 4 of the Dungeon.
             The game lasted 00:11:24 (3840 turns).

fleeber the Conjurer (Deep Elf Conjurer)            Turns: 3840, Time: 00:11:25

Health: 0/28       AC:  3    Str:  4    XL:     5   Next: 31%
Magic:  7/14       EV:  9    Int: 25    God:
Gold:   271        SH:  0    Dex: 15    Spells: 6/13 levels left

rFire   . . .      SeeInvis .   (no weapon)
rCold   . . .      Faith    .   (no shield)
rNeg    . . .      Spirit   .   o - +0 robe of the Equator {Dex+2}
rPois   .          Reflect  .   m - +0 helmet
rElec   .          Harm     .   (no cloak)
rCorr   .          Rampage  .   (no gloves)
Will    .....                   (no boots)
Stlth   ++........              (no amulet)
HPRegen 0.09/turn               (no ring)
MPRegen 0.14/turn               (no ring)

@: grasped by roots, constricted
A: no striking features
a: no special abilities


You were on level 4 of the Dungeon.
You visited 1 branch of the dungeon, and saw 4 of its levels.

You collected 271 gold pieces.

Inventory:

Armour
 m - a +0 helmet (worn)
 o - the +0 robe of the Equator (worn) {Dex+2}
   (You found it on level 3 of the Dungeon)

   Dex:       It affects your dexterity (+2).
Magical Staves
 v - a staff of poison
Scrolls
 a - a scroll of fear {unknown}
 d - 5 scrolls of identify {unknown}
 e - a scroll of enchant weapon {unknown}
 f - 3 scrolls of teleportation {unknown}
 h - 3 scrolls of enchant armour {unknown}
 j - a scroll of brand weapon {unknown}
 k - a scroll of vulnerability {unknown}
 p - 2 scrolls of immolation {unknown}
 u - a scroll of summoning {unknown}
Potions
 b - a potion of magic
 c - 2 potions of curing {unknown}
 g - 2 potions of heal wounds {unknown}
 i - a potion of might {unknown}
 l - a potion of lignification {unknown}
 n - a potion of brilliance {unknown}
 q - a potion of cancellation {unknown}
 r - a potion of berserk rage {unknown}
 s - a potion of mutation {unknown}
 t - a potion of degeneration {unknown}


   Skills:
 - Level 2.4 Dodging
 - Level 2.4 Stealth
 + Level 4.9 Spellcasting
 + Level 5.5 Conjurations
 + Level 3.0 Translocations


You had 6 spell levels left.
You knew the following spells:

 Your Spells              Type           Power      Damage    Failure   Level
a - Magic Dart            Conj           100%       1d8       1%          1
b - Searing Ray           Conj           66%        2d6       1%          2
c - Iskenderun's Mystic   Conj/Tloc      27%        2d7       14%         4

Your spell library contained the following spells:

 Spells                   Type           Power      Damage    Failure   Level
 Dazzling Flash           Conj/Hex       40%        N/A       8%          3
 Ozocubu's Armour         Ice            6%         N/A       26%         3
 Fulminant Prism          Conj/Hex       10%        3d9       26%         4
 Animate Dead             Necr           6%         N/A       63%         4
 Borgnjor's Vile Clutch   Necr/Erth      3%         N/A       93%         5
 Metabolic Englaciation   Hex/Ice        3%         N/A       93%         5
 Death Channel            Necr           3%         N/A       100%        6
 Simulacrum               Ice/Necr       3%         N/A       100%        6


Dungeon Overview and Level Annotations

Branches:
Dungeon (4/15)
 Temple: D:4-7

Altars:
Kikubaaqudgha
Sif Muna
Trog

Annotations:
D:4 Ijyb


Message History

The searing ray hits Ijyb but does no damage. (Press . to maintain the ray.)
A giant cockroach comes into view.
Ijyb screams, "I no like you!" The grasping roots constrict you.
The grasping roots release their grip on you.
The searing ray hits Ijyb!
Ijyb is moderately wounded.
An adder comes into view.
Ijyb zaps a wand.
The roots erupt in riotous growth!
The grasping roots grab you!
The giant cockroach is unaffected.
Ijyb is unaffected.
The grasping roots constrict you!
Casting: Searing Ray (safe; 1% risk of failure)
Confirm with . or Enter, or press ? or * to list all spells.
Restarting spell: Searing Ray (safe; 1% risk of failure)
Press: ? - help, Shift-Dir - straight line, f/p - Ijyb
Aim: Ijyb, wielding a +0 dagger, wearing a +0 leather armour and carrying a wand of roots (7) (moderately wounded, 76% to hit)
The searing ray hits Ijyb.
Ijyb is moderately wounded. (Press . to maintain the ray.)
The giant cockroach bites you but does no damage.
A kobold comes into view. It is wielding a +0 club.
Ijyb hits you with a +0 dagger. The grasping roots constrict you.
* * * LOW HITPOINT WARNING * * *
Casting: Searing Ray (safe; 1% risk of failure)
Confirm with . or Enter, or press ? or * to list all spells.
Restarting spell: Searing Ray (safe; 1% risk of failure)
Press: ? - help, Shift-Dir - straight line, f/p - Ijyb
Aim: Ijyb, wielding a +0 dagger, wearing a +0 leather armour and carrying a wand of roots (7) (moderately wounded, 76% to hit)
The searing ray hits Ijyb.
Ijyb is severely wounded.
The searing ray hits the adder.
The adder is heavily wounded. (Press . to maintain the ray.)
The giant cockroach bites you but does no damage.
Ijyb hits you with a +0 dagger.
* * * LOW HITPOINT WARNING * * *
The grasping roots constrict you.
You die...

..#)#.##.##.....
#.#)#)#...#..... ###
## #.#.)..........
.... #.##..##)#...#..#
#..# #.#..##.##.##..##
....###...##.....<...#
#...K#.....#######...#
#B.....# ...# ##@#...#
...# #g##.## ...#
.S...# ...# ##..###
.... #... ..... #.###
#.# #.#


You could see Ijyb, an adder, a giant cockroach and a kobold.

Vanquished Creatures
  Jessica (D:3)
  3 gnolls
  3 adders
  A worm (D:3)
  2 dart slugs (D:1)
  9 orcs
  4 bat zombies (D:3)
  7 endoplasms
  2 giant cockroaches
  4 goblins
  9 hobgoblins
  4 jackals
  3 kobolds
  2 quokkas
  4 ball pythons
  4 bats
  11 frilled lizards
  3 rats
  2 rat zombies (D:3)
78 creatures vanquished.

Vanquished Creatures (others)
  2 plants (D:1)
2 creatures vanquished.

Grand Total: 80 creatures vanquished

Notes
Turn   | Place    | Note
-------+----------+-------------------------------------------
     0 | D:1      | fleeber the Deep Elf Conjurer began the quest for the Orb.
     0 | D:1      | Reached XP level 1. HP: 10/10 MP: 6/6
   250 | D:1      | Reached XP level 2. HP: 15/15 MP: 6/8
   294 | D:1      | Reached skill level 1 in Translocations
   595 | D:1      | Learned a level 2 spell: Searing Ray
   707 | D:1      | Reached XP level 3. HP: 19/19 MP: 1/10
  1525 | D:2      | Found a faded altar of an unknown god.
  1679 | D:2      | Reached skill level 5 in Conjurations
  1904 | D:2      | Identified the +5 short sword of Indomitability {vorpal,
                  | rCorr}
  2093 | D:3      | Found a bloodstained altar of Trog.
  2099 | D:3      | Reached XP level 4. HP: 24/24 MP: 9/12
  2179 | D:3      | Learned a level 4 spell: Iskenderun's Mystic Blast
  2239 | D:3      | Noticed a black bear
  2737 | D:3      | Identified the +0 robe of the Equator {Dex+2}
  2896 | D:3      | Noticed Jessica
  2942 | D:3      | Killed Jessica
  2943 | D:3      | Reached XP level 5. HP: 28/28 MP: 8/14
  3080 | D:3      | Found a shimmering blue altar of Sif Muna.
  3596 | D:3      | Found an ancient bone altar of Kikubaaqudgha.
  3836 | D:4      | Noticed Ijyb
  3840 | D:4      | Constricted to death by Ijyb

Illustrated notes

Levels and vault maps discovered:
D:1:      kilobyte_arrival_exit_the_forest, layout_rooms, serial_forest,
          infiniplex_forest_3_way, infiniplex_forest_clump_cross,
          infiniplex_forest_clump_large, infiniplex_forest_clump_small,
          infiniplex_forest_straight_5, infiniplex_forest_zigzag_1,
          infiniplex_forest_clump_cross, minmay_lizard_king
D:2:      layout_loops_ring, shapermc_ecumenical_altar_starsandcircs,
          minmay_distorted
D:3:      layout_rooms, amcnicky_altar_gilded,
          lemuel_zombie_altar_kikubaaqudgha, lemuel_crystal_altar, uniq_jessica
D:4:      layout_loops_cross, nicolae_ru_awakened_eye, uniq_duvessa,
          uniq_edmund, uniq_ijyb

Skill      XL: |  1  2  3  4  5 |
---------------+----------------+-----
Translocations | 1 2 3 |  3.0
Spellcasting   | 4 |  4.9
Conjurations   | 5 |  5.5
Dodging        | |  2.4
Stealth        | |  2.4

Action                   |  1- 3 |  4- 6 || total
-------------------------+-------+-------++-------
Melee: Unarmed           |       |     3 ||     3
 Cast: Magic Dart        |    80 |    75 ||   155
       Searing Ray       |       |     6 ||     6
Armor: Robe              |       |     7 ||     7
Dodge: Dodged            |     1 |    13 ||    14
